 Dungeon Crawl Stone Soup version 0.19-a0-14-gde87d98 (webtiles) character file.

86 Mefis the Magician (level 4, 0/24 HPs)
             Began as a Deep Elf Wizard on Apr 29, 2016.
             Killed from afar by an orc wizard (8 damage)
             ... with a puff of flame
             ... on level 3 of the Dungeon.
             The game lasted 00:12:16 (2855 turns).

Mefis the Magician (Deep Elf Wizard)                Turns: 2855, Time: 00:12:17

Health: 0/24       AC:  2    Str:  4    XL:     4   Next: 26%
Magic:  4/14       EV: 12    Int: 24    God:
Gold:   163        SH:  0    Dex: 13    Spells: 6 memorised, 2 levels left

rFire  . . .     SeeInvis .     (no weapon)
rCold  . . .     Gourm    .     a - +0 robe
rNeg   . . .     Faith    .     (no shield)
rPois  .         Spirit   .     b - +0 hat
rElec  .         Dismiss  .     (no cloak)
rCorr  .         Reflect  .     (no gloves)
SustAt +         Harm     .     (no boots)
MR     .....                    (no amulet)
Stlth  ++........               (no ring)
                                p - ring of sustain attributes

@: repel missiles, not resistant to hostile enchantments, unstealthy
A: no striking features
a: no special abilities


You were on level 3 of the Dungeon.
You were hungry.

You visited 1 branch of the dungeon, and saw 3 of its levels.

You collected 163 gold pieces.

Inventory:

Missiles
 q - 3 needles of confusion
 r - 11 poisoned needles
Armour
 a - a +0 robe (worn)
 b - a +0 hat (worn)
Jewellery
 p - a ring of sustain attributes (left hand)
Scrolls
 j - a scroll of amnesia {unknown}
 l - a scroll of remove curse {unknown}
 n - a scroll of enchant armour {unknown}
 o - a scroll of identify {unknown}
Potions
 e - a potion of mutation {unknown}
 f - 4 potions of curing {unknown}
 g - a potion of flight {unknown}
 k - a potion of agility {unknown}
 m - 2 potions of magic {unknown}
 s - a potion of lignification {unknown}
Books
 c - a book of Minor Magic

   Spells                             Type                      Level
   a - Magic Dart                     Conjuration                  1
   b - Blink                          Translocation                2
   c - Call Imp                       Summoning                    2
   d - Repel Missiles                 Charms/Air                   2
   e - Slow                           Hexes                        2
   f - Conjure Flame                  Conjuration/Fire             3
   g - Mephitic Cloud                 Conjuration/Poison/Air       3
Comestibles
 d - a bread ration
 h - a beef jerky
 i - a royal jelly


   Skills:
 + Level 0.4 Fighting
 + Level 2.5 Dodging
 + Level 3.3 Stealth
 + Level 6.1 Spellcasting
 + Level 1.8 Conjurations
 + Level 1.2 Summonings
 + Level 1.1 Translocations


You had 2 spell levels left.
You knew the following spells:

 Your Spells              Type           Power        Failure   Level  Hunger
a - Magic Dart            Conj           ###.         4%          1    None
b - Call Imp              Summ           ##......     10%         2    None
c - Blink                 Tloc           N/A          10%         2    None
d - Repel Missiles        Chrm/Air       #.....       12%         2    None
e - Mephitic Cloud        Conj/Pois/Air  ##......     21%         3    #......
f - Conjure Flame         Conj/Fire      ##......     21%         3    #......


Dungeon Overview and Level Annotations

Branches:
Dungeon (3/15)

Altars:
Dithmenos


Message History

Confirm with . or Enter, or press ? or * to list all spells.
You blink.
The orc shouts!
The orc wizard points at you and mumbles some strange words.
The puff of frost hits you! The orc barely misses you. x2
The orc wizard gestures at you while chanting.
The puff of flame hits you!
Found 20 stones.
Your magical contamination has completely faded away.
Found a bread ration.
A hobgoblin comes into view.
The orc wizard casts a spell at you. The magic dart hits you!
* * * LOW HITPOINT WARNING * * *
Found a scroll labeled HIDEGU GEUT.
The orc wizard gestures wildly while chanting.
The orc wizard seems to speed up.
The orc wizard points at you and mumbles some strange words.
The puff of flame hits you!
You die...

#.# ###ooo#####
#.#.## #.#
#...og....# #.#.#
#.# #.#...###.#
#.#.# ..####.##.##
#.# #.#.# .......
#.# #)# #.#o###
####### #.# #.#
#.....####### #.#
#.# ###.........#
..#
#.########o#####.#
.#
#..@....o....?...#
.
#.########.#######
#.# #.# #†# #.#
##..#####.# #.#
#.........# #.#
#(..#####.# #.# #
#.# .# #.#


You could see an orc wizard and an orc.

Vanquished Creatures
  An adder (D:3)
  An ooze (D:1)
  3 worms
  A dart slug (D:1)
  A giant gecko (D:1)
  5 orcs (D:3)
  4 bats
  3 giant cockroaches
  7 goblins
  7 hobgoblins
  3 jackals (D:2)
  3 kobolds
  A quokka (D:2)
  2 ball pythons
  A giant newt (D:1)
  7 rats
50 creatures vanquished.

Vanquished Creatures (collateral kills)
  A worm (D:2)
  A dart slug (D:2)
2 creatures vanquished.

Grand Total: 52 creatures vanquished

Notes
Turn   | Place    | Note
--------------------------------------------------------------
     0 | D:1      | Mefis the Deep Elf Wizard began the quest for the Orb.
     0 | D:1      | Reached XP level 1. HP: 10/10 MP: 7/7
   322 | D:1      | Reached skill level 5 in Spellcasting
   351 | D:1      | Reached XP level 2. HP: 15/15 MP: 5/10
   379 | D:1      | Learned a level 2 spell: Call Imp
   382 | D:1      | Learned a level 2 spell: Blink
   385 | D:1      | Learned a level 2 spell: Repel Missiles
  1076 | D:2      | Reached XP level 3. HP: 19/19 MP: 8/11
  1082 | D:2      | Learned a level 3 spell: Mephitic Cloud
  1109 | D:2      | Found a shadowy altar of Dithmenos.
  1213 | D:2      | You fall through a shaft!
  1268 | D:2      | Found a faded altar to an unknown god.
  2674 | D:3      | Reached skill level 6 in Spellcasting
  2674 | D:3      | Reached XP level 4. HP: 24/24 MP: 8/14
  2679 | D:3      | Learned a level 3 spell: Conjure Flame
  2855 | D:3      | Killed from afar by an orc wizard

Vault maps used:
D:1:      dpeg_arrival_round_b
D:2:      ecumenical_altar_2, minivault_19, grunt_dithmenos_smoke
D:3:      nicolae_ru_path_of_blood, uniq_jessica

Skill      XL: |  1  2  3 |
---------------+----------+-----
Spellcasting   | 5 6 |  6.1
Stealth        | 3 |  3.3
Fighting       | |  0.4
Dodging        | |  2.5
Conjurations   | |  1.8
Summonings     | |  1.2
Translocations | |  1.1

Action                   |  1- 3 |  4- 6 || total
-------------------------+-------+-------++-------
Melee: Unarmed           |       |     1 ||     1
 Cast: Magic Dart        |   135 |    18 ||   153
       Repel Missiles    |     1 |       ||     1
       Call Imp          |     4 |       ||     4
       Mephitic Cloud    |       |     2 ||     2
       Blink             |       |     1 ||     1
  Eat: Chunk             |     5 |       ||     5
Armor: Robe              |     8 |     1 ||     9
Dodge: Dodged            |    26 |     4 ||    30
